 Dungeon Crawl Stone Soup version 0.29-a0-838-g385bb11a5b (webtiles) character file.

Game seed: 813060665350414246

10906 hquester1 the Protected (level 11, -7/95 HPs)
             Began as a Minotaur Fighter on July 13, 2022.
             Was a High Priest of Okawaru.
             Mangled by Snorg (15 damage)
             ... on level 10 of the Dungeon.
             The game lasted 00:25:25 (9301 turns).

hquester1 the Protected (Minotaur Fighter)          Turns: 9301, Time: 00:25:26

Health: -7/95      AC: 14    Str: 36    XL:     11   Next: 42%
Magic:  13/13      EV: 11    Int:  2    God:    Okawaru [*****.]
Gold:   604        SH:  6    Dex: 15    Spells: 10/10 levels left

rFire   . . .      SeeInvis .   q - +8 war axe "Worm's Wrath" {drain, Str+3 Int-3 Dex+3 Stlth+}
rCold   . . .      Faith    .   c - +0 buckler
rNeg    . . .      Spirit   .   K - +1 plate armour
rPois   .          Reflect  .   (helmet restricted)
rElec   +          Harm     .   D - scarf {repulsion}
rCorr   +          Rampage  .   (no gloves)
Will    .....                   (no boots)
Stlth   ..........              r - amulet of the acrobat
HPRegen 0.25/turn               h - +6 ring of strength
MPRegen 0.13/turn               n - ring of Xugiheim {rElec rCorr Str+4 Stlth-}

@: repel missiles
A: horns 2, retaliatory headbutt
a: Renounce Religion, Heroism, Finesse, Duel


You were on level 10 of the Dungeon.
You worshipped Okawaru.
Okawaru was extremely pleased with you.
You visited 2 branches of the dungeon, and saw 11 of its levels.

You collected 604 gold pieces.

Inventory:

Hand Weapons
 p - the +10 spear "Gemir" {drain, Fly rC+ Str+4}
   (You found it on level 2 of the Dungeon)

   A truly terrible weapon, it drains the life of any living foe it strikes.
   Str:       It affects your strength (+4).
   rC:        It protects you from cold.
   Fly:       It grants you flight.
 q - the +8 war axe "Worm's Wrath" (weapon) {drain, Str+3 Int-3 Dex+3 Stlth+}
   (You took it off a kobold on level 2 of the Dungeon)

   A truly terrible weapon, it drains the life of any living foe it strikes.
   Str:       It affects your strength (+3).
   Int:       It affects your intelligence (-3).
   Dex:       It affects your dexterity (+3).
   Stlth:     It makes you more stealthy.
 M - a +3 morningstar
Missiles
 J - 2 throwing nets (quivered)
Armour
 c - a +0 buckler (worn)
 t - a +0 cloak
 D - a scarf of repulsion (worn)
 K - a +1 plate armour (worn)
 L - +1 acid dragon scales
Jewellery
 g - a ring of protection from fire
 h - a +6 ring of strength (left hand)
 i - an amulet of guardian spirit
 n - the ring of Xugiheim (right hand) {rElec rCorr Str+4 Stlth-}
   (You took it off a deep elf pyromancer on level 10 of the Dungeon)

   [ring of resist corrosion]

   Str:       It affects your strength (+4).
   rElec:     It insulates you from electricity.
   rCorr:     It protects you from acid and corrosion.
   Stlth:     It makes you less stealthy.
 r - an amulet of the acrobat (around neck)
 C - a ring of fire
Wands
 x - a wand of digging (6)
 z - a wand of flame (6)
 A - a wand of acid (29)
 E - a wand of paralysis (8)
 G - a wand of polymorph (14)
Scrolls
 k - 2 scrolls of vulnerability
 m - a scroll of poison
 o - a scroll of enchant armour
 v - 2 scrolls of teleportation
 w - a scroll of summoning {unknown}
 y - a scroll of torment {unknown}
 B - a scroll of amnesia
 I - a scroll of fog {unknown}
Potions
 a - 2 potions of magic
 b - a potion of cancellation {unknown}
 d - a potion of might
 e - a potion of berserk rage
 f - 9 potions of haste
 j - 3 potions of invisibility
 l - 6 potions of mutation
 s - 5 potions of curing
 u - 4 potions of heal wounds
 F - 2 potions of attraction {unknown}
 H - a potion of brilliance {unknown}


   Skills:
 + Level 8.6 Fighting
 + Level 8.2(10.1) Axes
 + Level 5.2(7.4) Maces & Flails
 + Level 7.4(9.1) Polearms
 + Level 8.7 Armour
 + Level 6.9 Dodging
 + Level 8.6 Shields
 + Level 5.2 Invocations
 + Level 4.8 Evocations


You had 10 spell levels left.
You didn't know any spells.
Your spell library was empty.

Dungeon Overview and Level Annotations

Branches:
Dungeon (10/15)            Temple (1/1) D:6            Lair (0/6) D:9
    Orc: D:9-12

Altars:
Ashenzari
Cheibriados
Dithmenos
Elyvilon
Fedhas
Gozag
Hepliaklqana
Kikubaaqudgha
Makhleb
Nemelex Xobeh
Okawaru
Qazlal
Ru
Sif Muna
Trog
Uskayaw
Vehumet
Wu Jian
Xom
Yredelemnul
Zin
The Shining One

Shops:
D:1 [   D:4 (   D:5 :

Annotations:
D:4 2 transporters, Bravis's ghost, amateur DEFE
D:10 Snorg


Innate Abilities, Weirdness & Mutations

You have a pair of horns on your head.
You reflexively headbutt those who attack you in melee.


Message History

Deactivating autopickup; reactivate with Ctrl-A.
You see here a +5 sling.
You closely miss something. You block something's attack.
Something bites you but does no damage.
You completely miss something. Something hits you!
Something bites you but does no damage.
You slash something! Something hits you but does no damage.
Something bites you but does no damage.
You slice something!! Okawaru accepts your kill.
Reactivating autopickup.
You feel a bit more experienced.
Snorg goes berserk!
You slash Snorg! Your headbutt misses Snorg.
Snorg is lightly wounded.
Snorg bites you! Snorg claws you but does no damage. Snorg claws you!
Snorg barely misses you. Snorg claws you but does no damage.
You block Snorg's attack.
You hit Snorg. You drain Snorg. Your headbutt misses Snorg.
Snorg is lightly wounded.
Snorg closely misses you.
You block Snorg's attack. x2; Snorg bites you.
Snorg claws you but does no damage. You block Snorg's attack.
You closely miss Snorg.
Snorg is lightly wounded.
Snorg bites you but does no damage. Snorg claws you.
* * * LOW HITPOINT WARNING * * *
Snorg claws you!
* * * LOW HITPOINT WARNING * * *
You slash Snorg!
Snorg is lightly wounded.
You block Snorg's attack. Snorg claws you but does no damage. Snorg claws you.
* * * LOW HITPOINT WARNING * * *
Snorg closely misses you. You furiously retaliate!
You headbutt Snorg! Snorg claws you.
* * * LOW HITPOINT WARNING * * *
Snorg claws you.
* * * LOW HITPOINT WARNING * * *
You slice Snorg!! You drain Snorg.
Snorg is heavily wounded.
Snorg bites you!
You die...

.... ..# ## ... ##
..# #
#[##.##)###..# #
#. #.#.#.##.#..# ≈
..#..##...##..#..#
≈
........#.)(.....+
##C..##..#..#
##...
##T#.#.##.#....#
###....
#@##.##(###....#
#.....# ###...###
...... #....#
#.....## .......
#...#
##.....###.......
#...# #
###.....##......
#...##c##...
#..8.8T.## ....
e...C(c...#.
#..8...8..##....
#...##c##...
...8.....8..#....
'...# #
...8.._._..8.#....


You could see Snorg (berserk, drained) and a cyclops.

Vanquished Creatures
  A two-headed ogre (D:10)
  A deep elf pyromancer (D:10)
  2 cyclopes (D:10)
  Joseph (D:7)
  Maurice (D:8)
  A gargoyle (D:10)
  Maggie (D:8)
  A tengu conjurer (D:10)
  Sigmund (D:3)
  A shadow (D:9)
  A vampire (D:10)
  14 yaks
  3 wyverns
  2 steam dragons
  A basilisk (D:9)
  A vampire mosquito (D:10)
  Edmund (D:6)
  3 water moccasins
  5 ice beasts
  3 orc warriors
  2 black bears
  2 sky beasts (D:7)
  2 ogres (D:5)
  A centaur (D:8)
  3 kobold brigands
  5 bullfrogs
  3 necrophages
  9 wights
  2 scorpions (D:6)
  5 killer bees (D:8)
  2 vampire bats (D:3)
  5 howler monkeys
  2 gnoll boudas
  2 hounds (D:5)
  A jelly (D:6)
  2 orc priests
  Crazy Yiuf (D:4)
  Ijyb (D:5)
  5 orc wizards
  3 iguanas
  9 gnolls
  6 adders
  A shadow imp (D:7)
  A white imp (D:5)
  2 ufetubi (D:5)
  5 worms
  2 dart slugs
  13 orcs
  11 ball pythons
  3 bats
  3 bat skeletons (D:3)
  3 bat zombies (D:3)
  2 endoplasms
  2 giant cockroaches
  12 goblins
  14 hobgoblins
  13 kobolds
  3 quokkas (D:1)
  3 frilled lizards
  4 rats
215 creatures vanquished.

Notes
Turn   | Place    | Note
-------+----------+-------------------------------------------
     0 | D:1      | hquester1 the Minotaur Fighter began the quest for the Orb.
     0 | D:1      | Reached XP level 1. HP: 19/19 MP: 0/0
   100 | D:1      | Reached XP level 2. HP: 27/27 MP: 1/1
   110 | D:1      | Found Nuufas's Armour Boutique.
   195 | D:1      | Found a faded altar of an unknown god.
   791 | D:2      | Identified the +10 spear "Gemir" {drain, Fly rC+ Str+4}
   921 | D:2      | Identified the +8 war axe "Worm's Wrath" {drain, Str+3
                  | Int-3 Dex+3 Stlth+}
   948 | D:2      | Reached XP level 3. HP: 28/33 MP: 2/2
  1684 | D:3      | Found a snail-covered altar of Cheibriados.
  1727 | D:3      | Reached skill level 1 in Dodging
  1756 | D:3      | Reached skill level 1 in Polearms
  1837 | D:3      | Reached XP level 4. HP: 26/40 MP: 3/3
  2018 | D:3      | Found an ancient bone altar of Kikubaaqudgha.
  2021 | D:3      | Reached XP level 5. HP: 47/47 MP: 4/4
  2053 | D:3      | Found a broken altar of Ashenzari.
  2367 | D:3      | Noticed Sigmund
  2381 | D:3      | Killed Sigmund
  2382 | D:3      | Reached skill level 5 in Fighting
  2382 | D:3      | Reached skill level 5 in Armour
  2382 | D:3      | Reached XP level 6. HP: 46/56 MP: 5/5
  2655 | D:4      | Found an iron altar of Okawaru.
  2663 | D:4      | Became a worshipper of Warmaster Okawaru
  2696 | D:4      | Reached skill level 5 in Shields
  2893 | D:4      | Reached XP level 7. HP: 58/61 MP: 6/6
  2921 | D:4      | Noticed Bravis's ghost (amateur DEFE)
  2948 | D:4      | Found Qithriesh's Weapon Shoppe.
  2956 | D:4      | Found a hide-covered altar of Uskayaw.
  3051 | D:4      | Found a transporter.
  3072 | D:4      | Found a transporter.
  3097 | D:4      | Found a glowing golden altar of the Shining One.
  3239 | D:4      | Found a white marble altar of Elyvilon.
  3285 | D:4      | Found a runed translucent door.
  3286 | D:4      | Noticed Crazy Yiuf
  3292 | D:4      | Killed Crazy Yiuf
  3468 | D:5      | Entered Level 5 of the Dungeon
  3734 | D:5      | Found Uclab's Vocational Training.
  3760 | D:5      | Noticed Ijyb
  3762 | D:5      | Reached * piety under Okawaru
  3763 | D:5      | Paralysed by Ijyb for 5 turns
  3771 | D:5      | Killed Ijyb
  3838 | D:5      | Reached skill level 5 in Axes
  3838 | D:5      | Reached skill level 1 in Invocations
  3938 | D:5      | Reached skill level 1 in Evocations
  4044 | D:5      | Reached XP level 8. HP: 70/70 MP: 7/7
  4422 | D:6      | Reached ** piety under Okawaru
  4530 | D:6      | Found a shadowy altar of Dithmenos.
  4533 | D:6      | Found a radiant altar of Vehumet.
  4536 | D:6      | Found a shimmering blue altar of Sif Muna.
  4544 | D:6      | Found a stormy altar of Qazlal.
  4707 | D:6      | Noticed Edmund
  4714 | D:6      | Killed Edmund
  4715 | D:6      | Reached XP level 9. HP: 57/78 MP: 9/9
  4857 | D:6      | Found a staircase to the Ecumenical Temple.
  4873 | Temple   | Entered the Ecumenical Temple
  5039 | D:6      | Reached skill level 5 in Polearms
  5583 | D:7      | Found a glowing silver altar of Zin.
  5591 | D:7      | Reached *** piety under Okawaru
  5592 | D:7      | Reached skill level 1 in Maces & Flails
  5961 | D:7      | Noticed Joseph
  5971 | D:7      | Killed Joseph
  5972 | D:7      | Reached skill level 5 in Dodging
  6338 | D:8      | Noticed Maurice
  6354 | D:8      | Reached **** piety under Okawaru
  6493 | D:8      | Paralysed by Maurice for 3 turns
  6497 | D:8      | Killed Maurice
  6498 | D:8      | Reached XP level 10. HP: 85/86 MP: 11/11
  6724 | D:8      | Noticed Maggie
  6754 | D:8      | Killed Maggie
  6757 | D:8      | Reached ***** piety under Okawaru
  7623 | D:9      | Found a staircase to the Lair.
  8356 | D:9      | Reached XP level 11. HP: 62/94 MP: 13/13
  8361 | D:9      | Identified the +1 scale mail of Okawaru's Delight {Dex+4}
                  | (Okawaru gifted it to you on level 9 of the Dungeon)
  8361 | D:9      | Received a gift from Okawaru
  8847 | D:10     | Entered Level 10 of the Dungeon
  8897 | D:10     | Identified the +4 sling "Gelyga" {freeze, rC+ Str+4}
  8897 | D:10     | Noticed a centaur warrior
  8905 | D:10     | Identified the ring of Xugiheim {rElec rCorr Str+4 Stlth-}
  8905 | D:10     | Noticed a deep elf pyromancer
  8909 | D:10     | Reached skill level 5 in Invocations
  8914 | D:10     | Noticed a two-headed ogre
  8922 | D:10     | Killed a two-headed ogre
  8928 | D:10     | Reached skill level 5 in Maces & Flails
  9250 | D:10     | Killed a deep elf pyromancer
  9263 | D:10     | Found an iron altar of Okawaru.
  9263 | D:10     | Found a sacrificial altar of Ru.
  9265 | D:10     | Found an iron altar of Okawaru.
  9265 | D:10     | Found a stormy altar of Qazlal.
  9272 | D:10     | Noticed Snorg
  9301 | D:10     | Mangled by Snorg

Illustrated notes

Levels and vault maps discovered:
D:1:      ebering_trefoil_twist, layout_loops_ring, serial_shops,
          nicolae_shop_trees, ebering_ecumenical_altar_rust
D:2:      layout_basic, st_stairs_14, nicolae_eternal_life,
          dreamdust_wishing_well, grunt_ministairs_4,
          chequers_serial_rivers_micro_d, nrook_loot_triangle,
          minmay_close_crescents
D:3:      cheibrodos_greedy_goblins, layout_loops_ring,
          kennysheep_vampire_church, ashenzari_altar_1, slow_altar_1,
          uniq_sigmund
D:4:      layout_cave_pools, nicolae_overflow_hidden_temple,
          mainiacjoe_overflow_tiny_flanked, tso_oasis_becter,
          nicolae_elyvilon_peaceful_grove, gammafunk_ghost_arena, serial_shops,
          nicolae_shop_statue_plus, uniq_crazy_yiuf_cottage
D:5:      layout_loops_corners, serial_bayou, serial_bayou_pond_d,
          serial_bayou_pond_d, serial_bayou_pond_d, serial_bayou_crossing,
          nicolae_shop_vocational, uniq_ijyb
D:6:      layout_cave_pools, grunt_temple_overflow_cloverleaf, temple_statues,
          kennysheep_generic_room_2, uniq_edmund
D:7:      layout_rooms, mainiacjoe_overflow_alcove_1, uniq_joseph
D:8:      layout_cave_pools, uniq_maurice, uniq_maggie
D:9:      layout_cave_pods, david_lair_generic
D:10:     minmay_the_grid_octo_triangle [minmay_the_grid_octo_shrine,
          minmay_the_grid_octo_prize_square_snowflake,
          minmay_the_grid_octo_clover_2], layout_irregular_city, serial_rivers,
          chequers_serial_rivers_micro_e, chequers_serial_rivers_large_b,
          chequers_serial_rivers_micro_d, chequers_serial_rivers_large_a,
          chequers_serial_rivers_micro_d, chequers_serial_rivers_micro_c,
          serial_park_tiny_1, minmay_microvault, uniq_lodul, uniq_snorg
Temple:   eino_temple_lava

Skill      XL: |  1  2  3  4  5  6  7  8  9 10 11 |
---------------+----------------------------------+-----
Shields        | 4 5 6 7 8 |  8.6
Armour         | 4 5 6 7 8 |  8.7
Fighting       | 4 5 6 7 8 |  8.6
Axes           | 3 4 5 6 7 8 |  8.2
Dodging        | 1 2 3 4 5 6 |  6.9
Polearms       | 1 2 3 4 5 7 |  7.4
Invocations    | 1 2 3 4 5 |  5.2
Evocations     | 1 2 3 4 |  4.8
Maces & Flails | 2 4 5 |  5.2

Action                   |  1- 3 |  4- 6 |  7- 9 | 10-12 || total
-------------------------+-------+-------+-------+-------++-------
Melee: War axe           |    57 |    56 |   161 |   135 ||   409
       Headbutt          |     7 |    10 |    33 |    32 ||    82
       Spear             |    14 |       |       |       ||    14
  Use: Scroll            |       |     3 |     4 |     8 ||    15
       Potion            |       |       |       |     1 ||     1
Armor: Scale mail        |    20 |    15 |    36 |     9 ||    80
       Acid dragon scale |       |       |       |    13 ||    13
       Plate armour      |       |       |       |    20 ||    20
Dodge: Dodged            |    33 |    34 |    85 |    66 ||   218
       Repelled          |       |       |       |     1 ||     1
Block: Buckler           |    19 |    15 |    42 |    40 ||   116

Table legend: (Time is in decaauts)
 A = Elapsed time spent in this place.
 B = Non-inter-level travel time spent in this place.
 C = Inter-level travel time spent in this place.
 D = Time resting spent in this place.
 E = Time spent auto-exploring this place.
 F = Levels seen in this place.
 G = Mean time per level.
                   A        B        C        D        E       F      G
               +--------+--------+--------+--------+--------+-----+--------+
         Total |   9403 |   9245 |    158 |   1506 |   6021 |  11 |  854.8 |
       Dungeon |   9331 |   9173 |    158 |   1506 |   5959 |  10 |  933.1 |
        Temple |     71 |     71 |      0 |      0 |     62 |   1 |   71.0 |
               +--------+--------+--------+--------+--------+-----+--------+

Top non-repeatable levels by time:
     D:9: 1391 daAuts
     D:8: 1138 daAuts
     D:7: 1085 daAuts
     D:3: 1011 daAuts
     D:5: 948 daAuts
     D:2: 941 daAuts
     D:4: 832 daAuts
     D:6: 795 daAuts
     D:1: 729 daAuts
    D:10: 457 daAuts
  Temple: 71 daAuts
